 Dungeon Crawl Stone Soup version 0.32-a0-42-ga30500b4d3 (webtiles) character file.

Game seed: 13693621296953393357

1456 lunkers the Spear-Bearer (level 8, -10/79 HPs)
             Began as an Oni Gladiator on Jan 31, 2024.
             Was an Initiate of Yredelemnul.
             Mangled by Joseph
             ... wielding a +0 quarterstaff
              (12 damage)
             ... on level 7 of the Dungeon.
             The game lasted 00:05:44 (5142 turns).

lunkers the Spear-Bearer (Oni Gladiator)            Turns: 5142, Time: 00:05:45

Health: -10/79     AC:  4    Str: 27    XL:     8   Next: 76%
Magic:  10/10      EV: 10    Int:  9    God:    Yredelemnul [......]
Gold:   420        SH:  0    Dex: 15    Spells: 7/7 levels left

rFire   . . .        a - +0 trident
rCold   . . .        (no shield)
rNeg    . . .        b - +0 robe
rPois   .            c - +0 hat
rElec   .            f - +0 cloak "Ariohuwune" {Will+ Dex+5 Stlth+}
rCorr   .            (gloves unavailable)
SInv    .            (boots unavailable)
Will    +....        n - amulet of magic regeneration
Stlth   ++           y - +6 ring of strength
HPRegen 0.33/turn    (no ring)
MPRegen 0.52/turn

%: no passive effects
@: no status effects
A: large, unfitting armour, horns 1, tough skin 1, double potion healing,
drunken brawling
a: Renounce Religion, Recall Undead Harvest


You were on level 7 of the Dungeon.
You worshipped Yredelemnul.
Yredelemnul was noncommittal.
You visited 1 branch of the dungeon, and saw 7 of its levels.

You collected 420 gold pieces.

Inventory:

Hand Weapons
 a - a +0 trident (weapon)
Missiles
 d - 3 throwing nets
 e - a large rock
Armour
 b - a +0 robe (worn)
 c - a +0 hat (worn)
 f - the +0 cloak "Ariohuwune" (worn) {Will+ Dex+5 Stlth+}
   (You acquired it on level 5 of the Dungeon)

   Dex+5:     It affects your dexterity (+5).
   Will+:     It increases your willpower.
   Stlth+:    It makes you more stealthy.
Jewellery
 n - an amulet of magic regeneration (around neck)
 r - a ring of fire
 y - a +6 ring of strength (left hand)
Wands
 l - a wand of light (6)
 t - a wand of roots (5)
 u - a wand of charming (14)
Scrolls
 g - a scroll of noise {unknown}
 h - a scroll of revelation
 j - a scroll of immolation
Potions
 i - 2 potions of resistance {unknown}
 k - 2 potions of mutation {unknown}
 m - a potion of lignification {unknown}
 o - 3 potions of enlightenment
 p - a potion of haste {unknown}
 q - a potion of brilliance
 s - a potion of attraction {unknown}
 v - 3 potions of curing
 w - a potion of magic {unknown}
 x - a potion of ambrosia {unknown}
 z - a potion of berserk rage {unknown}


   Skills:
 + Level 4.4 Fighting
 + Level 10.3 Polearms
 - Level 2.0 Throwing
 - Level 2.6 Dodging
 + Level 2.9 Invocations


You had 7 spell levels left.
You didn't know any spells.
Your spell library contained the following spells:

 Spells                   Type           Power      Damage    Failure   Level
 Kiss of Death            Conj/Necr      0%         2d5       38%         1
 Ensorcelled Hibernation  Hex/Ice        0%         N/A       52%         2
 Confusing Touch          Hex            0%         N/A       77%         3
 Fugue of the Fallen      Necr           0%         N/A       77%         3
 Ozocubu's Armour         Ice            0%         N/A       77%         3
 Passwall                 Erth           0%         N/A       77%         3
 Swiftness                Air            0%         N/A       77%         3
 Dispel Undead            Necr           0%         3d6       99%         4
 Manifold Assault         Tloc           0%         N/A       99%         4


Dungeon Overview and Level Annotations

Branches:
Dungeon (7/15)
 Temple: D:4-7

Altars:
Dithmenos
Gozag
Makhleb
Trog
Vehumet
Wu Jian
Yredelemnul
Zin

Shops:
D:5 ?   D:6 *

Annotations:
D:4 2 transporters, Swimmer's ghost, amateur HOFi
D:7 Joseph


Innate Abilities, Weirdness & Mutations

You are too large for most types of armour.
You have a pair of small horns on your head.
You have tough skin. (AC +1)
You gain doubled healing and magic from potions.
Whenever you drink a healing potion, you attack all around you.


Message History

Press: ? - help, Dir - move target, f/p - Joseph
Aim: Joseph, wielding a +0 sling and wearing a +0 ring mail (moderately wounded, wandering, blind, unable to see you, hasn't noticed you, about 31% to evade your +0 trident)
You puncture Joseph! You headbutt Joseph, but do no damage.
Joseph is heavily wounded.
Joseph unwields a +0 sling.
Joseph wields a +0 quarterstaff.
Joseph barely misses you.
Unknown command.
Reach: a) +0 trident
Press: ? - help, Dir - move target, f/p - Joseph
Aim: Joseph, wielding a +0 quarterstaff and wearing a +0 ring mail (heavily wounded, blind, unable to see you, about 31% to evade your +0 trident)
You hit Joseph but do no damage.
Joseph is heavily wounded.
Unknown command.
Unknown command.
Reach: a) +0 trident
Press: ? - help, Dir - move target, f/p - Joseph
Aim: Joseph, wielding a +0 quarterstaff and wearing a +0 ring mail (heavily wounded, blind, unable to see you, about 31% to evade your +0 trident)
You hit Joseph. You headbutt Joseph, but do no damage.
Joseph is severely wounded.
Joseph tries to grin evilly.
Joseph hits you with a +0 quarterstaff!
* * * LOW HITPOINT WARNING * * *
Unknown command.
Reach: a) +0 trident
Press: ? - help, Dir - move target, f/p - Joseph
Aim: Joseph, wielding a +0 quarterstaff and wearing a +0 ring mail (severely wounded, blind, unable to see you, about 31% to evade your +0 trident)
You catch the helpless Joseph completely off-guard!
You puncture Joseph!
Joseph is severely wounded.
Joseph hits you with a +0 quarterstaff!
* * * LOW HITPOINT WARNING * * *
Unknown command.
Aiming: Bolt of Light
Press: ? - help, Shift-Dir - straight line, f/p - Joseph
Aim: Joseph, wielding a +0 quarterstaff and wearing a +0 ring mail (severely wounded, blind, unable to see you, 75% to hit)
The bolt of light hits Joseph!
Joseph is almost dead.
Joseph hits you with a +0 quarterstaff!
You die...
Your body rises from the dead as a mindless zombie.

.......# ......#
#....#####
#####........#
##########............#
........##............##
.........+..............
......@.##.....#........
.......@##.....#........
........##.....)........
##......................
#.$.......#............
#.........#............
#.........#####........
########### #......[.
#########


You could see Joseph (blind, unable to see you).

Vanquished Creatures
  A wyvern (D:6)
  A steam dragon (D:7)
  An ogre (D:5)
  2 phantoms
  A bullfrog (D:5)
  2 scorpions
  2 bombardier beetles
  A jelly (D:6)
  An orc priest (D:4)
  Jessica (D:3)
  3 iguanas
  2 gnolls (D:5)
  8 adders
  A shadow imp (D:6)
  A white imp (D:7)
  An ufetubus (D:5)
  A ribbon worm (D:3)
  9 orcs (D:4)
  3 endoplasms (D:3)
  6 hobgoblins
  9 jackals
  4 kobolds
  4 quokkas
  3 ball pythons
  7 bats
  A frilled lizard (D:3)
  6 goblins
  5 rats
87 creatures vanquished.

Vanquished Creatures (collateral kills)
  An ogre (D:3)
  A centaur (D:5)
  A scorpion (D:5)
  A bombardier beetle (D:5)
  An orc priest (D:4)
  An orc wizard (D:4)
  An adder (D:5)
  2 gnolls (D:5)
  An ufetubus (D:5)
  2 dart slugs
  A hobgoblin (D:4)
  A jackal (D:5)
  A kobold (D:2)
  A ball python (D:1)
  A rat (D:1)
17 creatures vanquished.

Vanquished Creatures (others)
  A bullfrog zombie (D:5)
  2 adder zombies
  3 bat zombies
  A ball python zombie (D:2)
  An endoplasm zombie (D:3)
  A human zombie (D:3)
  3 jackal zombies (D:5)
  3 orc zombies (D:4)
  3 quokka zombies
  A spectral ufetubus (D:5)
19 creatures vanquished.

Grand Total: 123 creatures vanquished

Notes
Turn   | Place    | Note
-------+----------+-------------------------------------------
     0 | D:1      | lunkers the Oni Gladiator began the quest for the Orb.
     0 | D:1      | Reached XP level 1. HP: 22/22 MP: 1/1
   120 | D:1      | Reached XP level 2. HP: 26/29 MP: 2/2
   255 | D:1      | Found a faded altar of an unknown god.
   259 | D:1      | Prayed at the altar of an unknown god.
   259 | D:1      | Became a worshipper of Yredelemnul the Dark
   259 | D:1      | Reached * piety under Yredelemnul
   641 | D:1      | Reached skill level 4 in Polearms
   905 | D:2      | Reached XP level 3. HP: 32/36 MP: 3/3
  1617 | D:3      | Reached XP level 4. HP: 44/44 MP: 4/4
  1731 | D:3      | Reached skill level 5 in Polearms
  1887 | D:3      | Noticed Jessica
  1890 | D:3      | Noticed a phantom
  1891 | D:3      | Killed Jessica
  1892 | D:3      | Reached XP level 5. HP: 50/50 MP: 5/5
  1894 | D:3      | Your ally Jessica died
  1898 | D:3      | Noticed an ogre
  1901 | D:3      | Killed a phantom
  1902 | D:3      | Reached skill level 6 in Polearms
  1906 | D:3      | Killed an ogre
  1907 | D:3      | Reached ** piety under Yredelemnul
  1907 | D:3      | Reached XP level 6. HP: 58/59 MP: 6/6
  1940 | D:3      | Found a burning altar of Makhleb.
  2399 | D:4      | Reached skill level 7 in Polearms
  2496 | D:4      | Found a transporter.
  2499 | D:4      | Noticed Swimmer's ghost (amateur HOFi)
  2546 | D:4      | Found a transporter.
  2687 | D:4      | Found a bloodstained altar of Trog.
  2774 | D:4      | Reached XP level 7. HP: 36/66 MP: 7/7
  2894 | D:4      | Found an opulent altar of Gozag.
  3012 | D:5      | Entered Level 5 of the Dungeon
  3020 | D:5      | Reached skill level 8 in Polearms
  3193 | D:5      | Found a glowing silver altar of Zin.
  3269 | D:5      | Reached skill level 9 in Polearms
  3368 | D:5      | Found a radiant altar of Vehumet.
  3411 | D:5      | Reached XP level 8. HP: 66/74 MP: 8/8
  3624 | D:5      | Found an ornate altar of the Wu Jian Council.
  3631 | D:5      | Noticed a spectral centipede
  3631 | D:5      | Noticed a spectral black mamba
  3706 | D:5      | Found Cusk's Magic Scroll Shoppe.
  4014 | D:5      | Identified a scroll of acquirement
  4014 | D:5      | Acquired the +0 cloak "Ariohuwune" {Will+ Dex+5 Stlth+}
  4220 | D:6      | Reached skill level 10 in Polearms
  4341 | D:6      | Noticed a wyvern
  4349 | D:6      | Killed a wyvern
  4489 | D:6      | Found Oreonacu's Lightly-Used Armoury.
  4951 | D:7      | Found a shadowy altar of Dithmenos.
  5130 | D:7      | Noticed Joseph
  5141 | D:7      | HP: 2/79 [Joseph/+0 quarterstaff (8)]
  5142 | D:7      | Mangled by Joseph

Illustrated notes

Levels and vault maps discovered:
D:1:      heliophobic_arrival_glass_houses, layout_basic,
          hellmonk_ecumenical_altar_heavens_door, nicolae_hexahallways
D:2:      layout_loops_ring, st_stairs_8
D:3:      layout_loops_ring, amcnicky_altar_gilded, mrwooster_statue_mirror,
          kennysheep_generic_room_12, uniq_jessica
D:4:      layout_rooms, lemuel_tele_altar,
          nicolae_gozag_cash_rules_everything_around_me,
          gammafunk_ghost_mausoleum, minmay_misc_feat_columns
D:5:      layout_cave_pools, pdpol_wu_jian_five_deadly_venoms,
          mainiacjoe_overflow_catwalk, overflow_temple_1_default, serial_shops,
          nicolae_inconvenience_store
D:6:      layout_gridville, minmay_shop_damaged
D:7:      layout_basic, lemuel_doored_altar, mainiacjoe_overflow_alcove_4,
          mainiacjoe_overflow_alcove_1, minmay_temple_entry_poolview,
          enter_bailey_3, uniq_joseph

Skill      XL: |  1  2  3  4  5  6  7  8 |
---------------+-------------------------+-----
Polearms       | 4 5 6 7 9 10 | 10.3
Fighting       | 4 |  4.4
Invocations    | 2 |  2.9
Throwing       | |  2.0
Dodging        | |  2.6

Action                     |  1- 3 |  4- 6 |  7- 9 || total
---------------------------+-------+-------+-------++-------
  Melee: Trident           |    99 |   112 |   115 ||   326
         Headbutt          |     6 |     9 |    16 ||    31
         Punch             |       |     1 |     1 ||     2
  Evoke: Wand              |       |       |     2 ||     2
    Use: Scroll            |       |       |    11 ||    11
   Stab: Distracted        |     1 |       |       ||     1
         Sleeping          |     1 |       |     4 ||     5
         Invisible         |       |       |     1 ||     1
 Armour: Robe              |    50 |    46 |    58 ||   154
  Dodge: Dodged            |    39 |    36 |    53 ||   128

Table legend: (Time is in decaauts)
 A = Elapsed time spent in this place.
 B = Non-inter-level travel time spent in this place.
 C = Inter-level travel time spent in this place.
 D = Time resting spent in this place.
 E = Time spent auto-exploring this place.
 F = Levels seen in this place.
 G = Mean time per level.
                   A        B        C        D        E       F      G
               +--------+--------+--------+--------+--------+-----+--------+
         Total |   5129 |   4875 |    254 |      0 |   4155 |   7 |  732.7 |
       Dungeon |   5129 |   4875 |    254 |      0 |   4155 |   7 |  732.7 |
               +--------+--------+--------+--------+--------+-----+--------+

Top non-repeatable levels by time:
     D:5: 1190 daAuts
     D:1: 861 daAuts
     D:3: 778 daAuts
     D:2: 744 daAuts
     D:6: 719 daAuts
     D:4: 635 daAuts
     D:7: 199 daAuts
